 Dungeon Crawl Stone Soup version 0.22-a0-352-gc608dd7 (webtiles) character file.

109 GameOver the Sneak (level 4, -4/36 HPs)
             Began as a Naga Fire Elementalist on Apr 14, 2018.
             Killed from afar by an orc wizard (10 damage)
             ... with a puff of frost
             ... on level 2 of the Dungeon.
             The game lasted 00:05:48 (1430 turns).

GameOver the Sneak (Naga Fire Elementalist)         Turns: 1430, Time: 00:05:49

Health: -4/36      AC:  2    Str: 11    XL:     4   Next: 90%
Magic:  1/7        EV: 10    Int: 16    God:
Gold:   59         SH:  0    Dex: 11    Spells: 6/7 levels left

rFire    . . .     SeeInvis +   i - +0 short sword
rCold    . . .     Gourm    .   (no shield)
rNeg     . . .     Faith    .   a - +0 robe
rPois    +         Spirit   .   (no helmet)
rElec    .         Reflect  .   (no cloak)
rCorr    .         Harm     .   (no gloves)
MR       .....                  (no barding)
Stlth    +++.......             (no amulet)
HPRegen  0.12/turn              e - ring of flight
MPRegen  0.10/turn              (no ring)

@: short of breath, very slightly contaminated, very slow
A: large, see invisible, deformed body, poison resistance, slowness 2, slow
metabolism 1, spit poison 1, AC +1
a: Spit Poison, Evoke Flight


You were on level 2 of the Dungeon.
You were not hungry.

You visited 1 branch of the dungeon, and saw 3 of its levels.

You collected 59 gold pieces.

Inventory:

Hand Weapons
 i - a +0 short sword (weapon)
Missiles
 b - 22 bolts
Armour
 a - a +0 robe (worn)
 o - a +0 leather armour
Jewellery
 e - a ring of flight (left hand)
Scrolls
 d - a scroll of teleportation {unknown}
 g - a scroll of magic mapping {unknown}
 k - a scroll of identify {unknown}
 p - a scroll of fear {unknown}
 q - a scroll of remove curse {unknown}
Potions
 f - a potion of berserk rage {unknown}
 h - a potion of lignification {unknown}
 j - a potion of degeneration {unknown}
 l - 2 potions of curing {unknown}
 m - 2 potions of heal wounds {unknown}
Comestibles
 c - 5 rations
 n - 3 chunks of flesh


   Skills:
 - Level 1.5 Dodging
 + Level 4.5 Stealth
 - Level 2.0 Spellcasting
 * Level 3.2 Conjurations
 + Level 3.7 Fire Magic


You had 6 spell levels left.
You knew the following spells:

 Your Spells              Type           Power        Failure   Level  Hunger
a - Flame Tongue          Conj/Fire      ##...        4%          1    #......


Dungeon Overview and Level Annotations

Branches:
Dungeon (3/15)

Altars:
Nemelex Xobeh


Innate Abilities, Weirdness & Mutations

You cannot wear boots.
Your serpentine skin is tough. (AC +1)
You have supernaturally acute eyesight. (SInv)
Armour fits poorly on your strangely shaped body.
Your system is resistant to poisons. (rPois)
You cover ground very slowly.
You have a slow metabolism.
You can spit poison.


Message History

Confirm with . or Enter, or press ? or * to list all spells.
Aiming: Flame Tongue (safe; 4% risk of failure)
Press: ? - help, Shift-Dir - straight line, f/p - orc wizard
Aim: an orc wizard, wielding a dagger and wearing a robe (severely wounded)
You miscast Flame Tongue.
You are very lightly contaminated with residual magic.
Your skin glows momentarily.
The orc wizard points at you and mumbles some strange words.
The puff of flame hits you!
* * * LOW HITPOINT WARNING * * *
Casting: Flame Tongue (safe; 4% risk of failure)
Confirm with . or Enter, or press ? or * to list all spells.
Aiming: Flame Tongue (safe; 4% risk of failure)
Press: ? - help, Shift-Dir - straight line, f/p - orc wizard
Aim: an orc wizard, wielding a dagger and wearing a robe (severely wounded)
The flame tongue hits the orc wizard.
The orc wizard appears unharmed.
The orc wizard is severely wounded.
The orc wizard points at you and mumbles some strange words.
The puff of frost hits you!
You die...

#..#.#.#.# #....#
##...(....# #####.####
##### #.......###
#........# #....
#.#####.# #.###.##.#
#.### #.#
#.#####.###.##.####.###
#.#
#....##.##.............
# #.#
#.##.#.......#.####.###
#
#.#####.##.#).##...#.#
#.### #
#.......##.#@.#......#
#.... #
####.#####.#.o.......#
##### ###### #.#
#.........### # .....#
#.## ###.####..#
.....###..# #.......#
###...###.# ######'##
##⌠.⌠.# #.# ##...##
..._..# #.### ##.....##
### ..⌠.⌠## #.#.##
##.......## ##.#


You could see an orc wizard.

Vanquished Creatures
  An orc priest (D:2)
  4 adders (D:2)
  A dart slug (D:1)
  A ball python (D:2)
  4 bats
  4 giant cockroaches (D:2)
  2 goblins
  4 hobgoblins
  4 jackals (D:2)
  5 kobolds
  A quokka (D:2)
  5 frilled lizards
  5 rats
41 creatures vanquished.

Notes
Turn   | Place    | Note
-------+----------+-------------------------------------------
     0 | D:1      | GameOver the Naga Fire Elementalist began the quest for the Orb.
     0 | D:1      | Reached XP level 1. HP: 15/15 MP: 3/3
    66 | D:1      | Reached XP level 2. HP: 16/22 MP: 1/5
   636 | D:2      | Reached XP level 3. HP: 28/28 MP: 3/6
   884 | D:2      | Reached skill level 4 in Stealth
   953 | D:2      | Reached XP level 4. HP: 36/36 MP: 5/7
  1084 | D:2      | Found a sparkling altar of Nemelex Xobeh.
  1430 | D:2      | Killed from afar by an orc wizard

Vault maps used:
D:1:      tarquinn_simple_flora_water_a
D:2:      nemelex_xobeh_ov_fountains_minmay, serial_glass, glass_columns_a,
          glass_columns_b, glass_columns_a, glass_columns_b, feat_on_display,
          feat_on_display, feat_on_display, minmay_strange_pillars
D:3:      uniq_natasha, uniq_robin, uniq_jessica, uniq_grinder

Skill      XL: |  1  2  3  4 |
---------------+-------------+-----
Conjurations   | 2 3 |  3.2
Stealth        | 4 |  4.5
Dodging        | |  1.5
Spellcasting   | |  2.0
Fire Magic     | |  3.7

Action                   |  1- 3 |  4- 6 || total
-------------------------+-------+-------++-------
Melee: Unarmed           |     7 |       ||     7
       Short sword       |     3 |     1 ||     4
 Cast: Flame Tongue      |    24 |    10 ||    34
 Abil: Spit Poison       |    28 |    10 ||    38
 Stab: Sleeping          |     1 |       ||     1
       Distracted        |       |     1 ||     1
  Eat: Chunk             |     2 |     2 ||     4
Armor: Robe              |     8 |       ||     8
Dodge: Dodged            |    17 |     3 ||    20

Table legend:
 A = Spawn XP
 B = Non-spawn XP
 C = Spawn XP percentage of total XP
 D = Spawn monster count
 E = Non-spawn monster count
 F = Spawn count percentage of total count
 G = Total turns spent on level
                    A         B        C        D         E        F      G
               +---------+---------+-------+---------+---------+-------+---------
         Total |       0 |     157 |   0.0 |       0 |      41 |   0.0 |  1430
               +---------+---------+-------+---------+---------+-------+---------
           D:1 |       0 |      24 |   0.0 |       0 |      14 |   0.0 |   576
           D:2 |       0 |     133 |   0.0 |       0 |      27 |   0.0 |   852
               +---------+---------+-------+---------+---------+-------+---------
